 Dungeon Crawl Stone Soup version 0.19-a0-1850-g63fd1ff (webtiles) character file.

835 d1v1ne the Grappler (level 7, 0/99 HPs)
             Began as a Troll Berserker on Oct 10, 2016.
             Was a Priest of Trog.
             Slain by a centaur (2 damage)
             ... on level 6 of the Dungeon.
             The game lasted 00:16:27 (3388 turns).

d1v1ne the Grappler (Troll Berserker)               Turns: 3388, Time: 00:16:28

Health: 0/99       AC: 11    Str: 33    XL:     7   Next: 66%
Magic:  6/6        EV: 10    Int:  6    God:    Trog [***...]
Gold:   256        SH:  0    Dex:  9    Spells: 0 memorised, 6 levels left

rFire  . . .     SeeInvis .       - Unarmed
rCold  . . .     Gourm    +     a - +0 animal skin
rNeg   . . .     Faith    +     (no shield)
rPois  .         Spirit   .     (helmet restricted)
rElec  .         Dismiss  .     f - +0 cloak
rCorr  .         Reflect  .     (gloves unavailable)
MR     .....     Harm     .     (boots unavailable)
Stlth  ..........               n - amulet of faith
                                E - +5 ring of protection
                                c - +3 ring of intelligence

@: berserking, very quick
A: unfitting armour, claws 3, fast metabolism 3, gourmand, regeneration 1,
shaggy fur 1, tough skin 2
a: Berserk, Trog's Hand, Burn Spellbooks, Renounce Religion


You were on level 6 of the Dungeon.
You worshipped Trog.
Trog was most pleased with you.
You were hungry.

You visited 1 branch of the dungeon, and saw 6 of its levels.

You collected 256 gold pieces.

Inventory:

Armour
 a - a +0 animal skin (worn)
 f - a +0 cloak (worn)
Jewellery
 c - a +3 ring of intelligence (left claw)
 i - a +3 amulet of reflection {unknown}
 n - an amulet of faith (around neck)
 E - a +5 ring of protection (right claw)
Wands
 D - a wand of heal wounds (4/9)
Scrolls
 d - 3 scrolls of remove curse {unknown}
 e - 2 scrolls of recharging {unknown}
 h - 3 scrolls of amnesia {unknown}
 j - 3 scrolls of random uselessness {unknown}
 k - 2 scrolls of teleportation {unknown}
 l - 6 scrolls of identify {unknown}
 m - 2 scrolls of magic mapping {unknown}
 p - 3 scrolls of enchant armour {unknown}
 w - a scroll of blinking {unknown}
 y - a scroll of noise {unknown}
Potions
 g - 2 potions of resistance {unknown}
 o - a potion of magic {unknown}
 q - 2 potions of cancellation {unknown}
 r - a potion of berserk rage {unknown}
 s - 3 potions of invisibility {unknown}
 u - a potion of brilliance {unknown}
 x - a potion of heal wounds {unknown}
 z - 2 potions of lignification {unknown}
 B - a potion of degeneration {unknown}
Comestibles
 b - 4 bread rations
 t - 2 slices of pizza
 v - a royal jelly
 A - 3 fruits
 C - a meat ration


   Skills:
 - Level 2.4 Fighting
 - Level 2.4 Dodging
 + Level 1.3 Stealth
 + Level 8.8 Unarmed Combat


You had 6 spell levels left.
You didn't know any spells.

Dungeon Overview and Level Annotations

Branches:
Dungeon (6/15)             Temple (0/1) D:4

Altars:
Cheibriados
Hepliaklqana
Sif Muna
Trog
Xom


Innate Abilities, Weirdness & Mutations

You are too large for most types of armour.
You have claws for hands.
Your metabolism is lightning-fast.
You like to eat raw meat.
Your natural rate of healing is unusually fast.
You are covered in fur. (AC +1)
You have very tough skin. (AC +2)


Message History

You barely miss the orc warrior.
The orc warrior is moderately wounded.
The centaur hits you!
* * * LOW HITPOINT WARNING * * *
You barely miss the orc warrior.
The orc warrior is moderately wounded.
The orc wizard casts a spell.
The orc wizard blinks!
The orc hits you but does no damage.
The centaur hits you but does no damage.
The orc warrior hits you but does no damage.
You barely miss the orc warrior.
The orc warrior is moderately wounded.
The orc hits you but does no damage.
You closely miss the orc warrior. Your claw misses the orc warrior.
The orc warrior is moderately wounded.
The centaur closely misses you. The orc hits you but does no damage. x2
You barely miss the orc warrior.
The orc warrior is moderately wounded.
The centaur hits you.
You die...

##............
##...#......... ##
#....[#........ #.##
##(.#..#........
#...###(.###..#.......
#.....(.## #..##......
#....(..# ##..#######
#...o(.## #..#
##..o@..# ##..
#..coo.# ..# ##oo...#
#.. #o....## #..
#..#...# #..###.##
ยง..# ### ...


You could see an orc warrior, a centaur, an orc priest, an orc wizard and 4
orcs.

Vanquished Creatures
  A necrophage (D:5)
  2 ogres (D:4)
  A phantom (D:4)
  2 crimson imps (D:5)
  A bullfrog zombie (D:5)
  4 hounds
  A centaur skeleton (D:6)
  An iguana (D:4)
  3 worker ants (D:4)
  A hound skeleton (D:4)
  A river rat (D:3)
  5 adders
  3 worms
  A leopard gecko (D:3)
  5 orcs
  A ball python (D:3)
  6 giant cockroaches
  3 goblins
  11 hobgoblins
  8 jackals
  6 bats
  3 frilled lizards
  5 kobolds
  5 rats
80 creatures vanquished.

Notes
Turn   | Place    | Note
-------+----------+-------------------------------------------
     0 | D:1      | d1v1ne the Troll Berserker began the quest for the Orb.
     0 | D:1      | Reached XP level 1. HP: 22/22 MP: 0/0
   151 | D:1      | Reached XP level 2. HP: 29/29 MP: 1/1
   628 | D:2      | Reached skill level 4 in Unarmed Combat
   858 | D:2      | Found a shimmering altar of Xom.
   890 | D:2      | Reached XP level 3. HP: 36/36 MP: 2/2
  1269 | D:3      | Reached ** piety under Trog
  1571 | D:3      | Found a bloodstained altar of Trog.
  1724 | D:3      | Reached XP level 4. HP: 44/44 MP: 3/3
  1935 | D:3      | Reached skill level 5 in Unarmed Combat
  2037 | D:4      | Noticed an ogre
  2051 | D:4      | Killed an ogre
  2051 | D:4      | Reached skill level 6 in Unarmed Combat
  2051 | D:4      | Reached XP level 5. HP: 18/50 MP: 4/4
  2144 | D:4      | Noticed an ogre
  2151 | D:4      | Killed an ogre
  2151 | D:4      | Reached XP level 6. HP: 19/59 MP: 5/5
  2224 | D:4      | Found a staircase to the Ecumenical Temple.
  2248 | D:4      | Found a snail-covered altar of Cheibriados.
  2262 | D:4      | Reached *** piety under Trog
  2278 | D:4      | Reached skill level 7 in Unarmed Combat
  2295 | D:4      | Found a hazy altar of Hepliaklqana.
  2306 | D:4      | Reached skill level 1 in Stealth
  2612 | D:4      | Reached XP level 7. HP: 62/66 MP: 6/6
  2781 | D:5      | Entered Level 5 of the Dungeon
  2796 | D:5      | Reached skill level 8 in Unarmed Combat
  2880 | D:5      | Found a deep blue altar of Sif Muna.
  3384 | D:6      | HP: 1/99 [centaur (8)]
  3388 | D:6      | Slain by a centaur

Vault maps used:
D:1:      lemuel_arrival_rhombus
D:2:      lemuel_round_altar, first_bread
D:3:      overflow_temple_1_default, gup_sewer_entry_spiral, grunt_ministairs_9,
          minmay_misc_feat_x, kennysheep_generic_room_16
D:4:      lemuel_doored_altar, cheibriados_altar_1
D:5:      old_standard_altar, nicolae_sextant
D:6:      old_standard_altar, uniq_sigmund

Skill      XL: |  1  2  3  4  5  6  7 |
---------------+----------------------+-----
Unarmed Combat | 4 6 7 8 |  8.8
Stealth        | 1 |  1.3
Fighting       | |  2.4
Dodging        | |  2.4

Action                   |  1- 3 |  4- 6 |  7- 9 || total
-------------------------+-------+-------+-------++-------
Melee: Unarmed           |   104 |    89 |    47 ||   240
       Punch             |       |     3 |     3 ||     6
Invok: Berserk           |       |     1 |     1 ||     2
 Stab: Sleeping          |       |     1 |       ||     1
  Eat: Chunk             |    15 |     8 |     2 ||    25
       Bread ration      |     1 |       |       ||     1
Armor: Animal skin       |    40 |    18 |    15 ||    73
Dodge: Dodged            |    55 |    42 |    18 ||   115
